Map: Lerilak Crest

Players

hydra

  • Race: Zerg Zerg

Petraeus - Winner!

  • Race: Zerg Zerg
  • League: Grandmaster

Event: NationWars III

VOD

Have the link to the VOD?

Description

Time

  • Played on: Dec. 12, 2015, 2:30 p.m.
  • Length: 6:56

All games in this series

Show
View Real Time Build Order
Export as new Build Order

hydra Zerg 

Build Orders: Hatch First, Zergling Baneling 

Get SALT Encoding   

  12  0:01  Drone  
  13  0:12  Overlord  
  13  0:16  Drone  
  14  0:30  Drone x2  
  14  0:34  Drone  
  17  0:51  Hatchery  
  17  0:54  Drone  
  17  0:57  Drone  
  18  1:06  Drone  
  18  1:08  Extractor  
  18  1:15  Spawning Pool  
  18  1:18  Drone  
  18  1:28  Drone  
  19  1:39  Overlord  
  19  1:49  Drone  
  20  2:00  Drone  
  21  2:02  Queen  
  21  2:03  Drone, Queen  
  26  2:08  Metabolic Boost  
  26  2:11  Drone  
  26  2:14  Zergling x2  
  28  2:22  Drone  
  29  2:25  Drone  
  30  2:31  Baneling Nest  
  30  2:32  Drone  
  30  2:36  Zergling x2  
  31  2:43  Drone  
  32  2:47  Overlord  
  32  3:00  Drone  
  32  3:03  Drone  
  32  3:05  Drone  
  35  3:09  Drone  
  35  3:10  Lair  
  35  3:11  Spine Crawler  
  35  3:12  Drone x2, Zergling x2  
  38  3:13  Drone x3  
  38  3:19  Overlord  
  41  3:22  Drone  
  41  3:25  Baneling x2  
  42  3:27  Extractor x2  
  42  3:30  Drone, Extractor  
  40  3:34  Drone  
  41  3:43  Drone  
  41  3:45  Drone  
  41  3:46  Drone x3  
  41  3:48  Drone  
  46  3:51  Drone  
  46  3:56  Drone  
  46  3:59  Overlord  
  46  4:00  Drone  
  48  4:09  Spire  
  47  4:10  Zergling x4  
  47  4:17  Overseer  
  48  4:18  Drone x3  
  48  4:19  Zergling x6  
  54  4:25  Overlord  
  54  4:27  Overlord  
  54  4:37  Spine Crawler  
  53  4:44  Spine Crawler  
  53  4:45  Spine Crawler  
  51  4:50  Zergling x4  
  51  4:51  Baneling x10  
  51  4:52  Zergling x2  
  54  4:53  Zergling x2  
  54  4:55  Zergling x2  
  54  4:57  Zergling x2  
  57  5:00  Zergling x4  
  57  5:03  Zergling x4  
  57  5:06  Zergling x2  
  62  5:10  Zergling x2  
  62  5:12  Baneling x2  
  63  5:15  Zergling x2  
  57  5:28  Mutalisk  
  57  5:29  Mutalisk x4  
  57  5:33  Mutalisk  
  54  5:46  Queen  
  50  5:50  Zergling x6  
  47  6:02  Zergling x4  
  47  6:03  Zergling x2  
  35  6:17  Drone x2  
  29  6:22  Baneling x2  
  29  6:23  Drone  
Show
View Real Time Build Order
Export as new Build Order

Petraeus Zerg - Winner!

Build Orders: Hatch First 

Get SALT Encoding   

  12  0:00  Drone  
  13  0:12  Overlord  
  13  0:17  Drone  
  14  0:31  Drone x2  
  14  0:34  Drone  
  17  0:52  Hatchery  
  17  0:54  Drone  
  17  0:57  Drone  
  18  1:05  Extractor  
  17  1:13  Spawning Pool  
  17  1:15  Drone  
  17  1:19  Drone  
  18  1:28  Drone  
  19  1:39  Overlord  
  19  1:50  Drone  
  20  2:00  Queen  
  23  2:01  Zergling x2  
  23  2:03  Queen  
  23  2:04  Zergling x2  
  23  2:05  Metabolic Boost  
  26  2:11  Drone  
  27  2:18  Drone  
  27  2:21  Drone  
  29  2:25  Drone  
  30  2:34  Drone  
  31  2:38  Drone  
  32  2:49  Hatchery, Baneling Nest  
  30  2:52  Drone  
  30  2:56  Drone  
  31  3:03  Overlord  
  31  3:06  Drone  
  31  3:08  Drone  
  33  3:15  Drone  
  33  3:16  Zergling x2  
  35  3:30  Drone x2  
  35  3:31  Overlord  
  37  3:36  Drone x2  
  37  3:40  Roach Warren  
  38  3:44  Drone x3  
  38  3:46  Overlord  
  41  3:53  Extractor  
  39  4:02  Overlord  
  39  4:05  Baneling  
  38  4:20  Roach x6  
  38  4:22  Roach  
  38  4:23  Roach x3  
  58  4:25  Roach x2  
  58  4:28  Zergling x6  
  65  4:33  Overlord  
  65  4:37  Zergling x2  
  66  4:43  Zergling x4  
  66  4:45  Zergling x4  
  70  4:51  Zergling x6  
  73  4:54  Zergling x6  
  73  4:57  Zergling x4  
  78  5:00  Baneling  
  78  5:01  Baneling x5  
  78  5:04  Baneling x2  
  78  5:07  Overlord  
  78  5:09  Zergling x2  
  78  5:10  Zergling x2  
  78  5:12  Baneling x2  
  76  5:26  Zergling x2  
  76  5:27  Zergling x4  
  68  5:32  Zergling x4  
  68  5:33  Zergling x6  
  66  5:35  Zergling x2  
  66  5:39  Zergling x2  
  66  5:40  Zergling x2  
  68  5:47  Evolution Chamber  
  63  6:02  Queen x2  
  63  6:03  Drone x2  
  63  6:04  Drone x4  
  67  6:05  Drone x3  
  67  6:10  Overlord  
  66  6:16  Queen  
  66  6:18  Spore Crawler  
  61  6:21  Zergling x4  
  60  6:27  Zergling x4  
  60  6:35  Drone, Spore Crawler  
  60  6:37  Spore Crawler  
  59  6:40  Baneling x2  
Tags
 
Add a new tag
Caveats
  • Supply blocks, unpowered buildings, or Contaminate may cause inaccurate times.
  • Supply counts are checked every 10 seconds.